 Dungeon Crawl Stone Soup version 0.31-a0-1068-g5939ac1fb6 (webtiles) character file.

Game seed: 16836837611424961412

10025 CrazyBamboolord the Destroyer (level 11, -10/81 HPs)
             Began as a Demonspawn Conjurer on Nov 25, 2023.
             Was an Elder of Sif Muna.
             Mangled by a wolf spider (31 damage)
             ... in a Gauntlet.
             The game lasted 00:38:20 (14213 turns).

CrazyBamboolord the Destroyer (DsCj)               Turns: 14213, Time: 00:38:21

Health: -10/81     AC: 11    Str:  9    XL:     11   Next: 30%
Magic:  22/22      EV: 15    Int: 32    God:    Sif Muna [****..]
Gold:   24         SH:  0    Dex: 20    Spells: 7/25 levels left

rFire   + + .        M - staff of conjuration
rCold   . . .        (no shield)
rNeg    . . .        n - +0 leather armour
rPois   +            A - +0 helmet
rElec   .            E - +0 cloak of Least Resistance {rF++ rCorr Dex+3}
rCorr   +            c - +2 pair of gloves
SInv    .            J - +2 pair of boots {Stlth+}
Will    +....        (no amulet)
Stlth   ++++         N - ring of Cisut {rPois Will+ Int+3 Dex+6}
HPRegen 0.33/turn    l - +6 ring of intelligence
MPRegen 0.36/turn

%: no teleportation
@: no status effects
A: magic regeneration, sturdy frame 2, demonic touch 2
a: Renounce Religion, Channel Magic, Forget Spell, Divine Exegesis


You were in a Gauntlet.
You worshipped Sif Muna.
Sif Muna was greatly pleased with you.
You visited 3 branches of the dungeon, and saw 13 of its levels.
You also visited: Ossuary, Bailey and Gauntlet.

You collected 1111 gold pieces.
You spent 1087 gold pieces at shops.

Inventory:

Hand Weapons
 x - a +0 dagger of speed
 D - a +5 battleaxe of freezing
Missiles
 u - 2 throwing nets
 y - 2 curare-tipped darts
 z - 21 poisoned darts
Armour
 c - a +2 pair of gloves (worn)
 n - a +0 leather armour (worn)
 A - a +0 helmet (worn)
 E - the +0 cloak of Least Resistance (worn) {rF++ rCorr Dex+3}
   (You found it on level 6 of the Dungeon)

   Dex+3:     It affects your dexterity (+3).
   rF++:      It greatly protects you from fire.
   rCorr:     It protects you from acid and corrosion.
 J - a +2 pair of boots of stealth (worn)
Magical Staves
 M - a staff of conjuration (weapon)
Jewellery
 f - a +5 ring of evasion
 h - a ring of see invisible
 l - a +6 ring of intelligence (right hand)
 v - a ring of resist corrosion
 I - the ring "Yqareor" {Will+ Str+3 Dex-2 Stlth+}
   (You found it on level 8 of the Dungeon)

   [ring of willpower]

   Str+3:     It affects your strength (+3).
   Dex-2:     It affects your dexterity (-2).
   Will+:     It increases your willpower.
   Stlth+:    It makes you more stealthy.
 L - a ring of flight
 N - the ring of Cisut (left hand) {rPois Will+ Int+3 Dex+6}
   (You bought it in a shop on level 2 of the Dungeon)

   [ring of dexterity]

   Int+3:     It affects your intelligence (+3).
   Dex+6:     It affects your dexterity (+6).
   rPois:     It protects you from poison Will+: It increases your willpower.
 O - an amulet of regeneration
Wands
 o - a wand of paralysis (17) (quivered)
 w - a wand of flame (32)
 F - a wand of mindburst (11)
Scrolls
 d - a scroll of brand weapon
 g - a scroll of poison
 i - a scroll of enchant armour {unknown}
 p - 2 scrolls of fog
 q - 5 scrolls of teleportation
 r - 3 scrolls of noise
 t - a scroll of fear {unknown}
 G - a scroll of vulnerability
 H - 2 scrolls of torment
Potions
 a - 5 potions of enlightenment
 b - 3 potions of magic
 e - 5 potions of curing
 j - a potion of mutation {unknown}
 k - 4 potions of heal wounds
 m - 2 potions of haste
 s - 3 potions of invisibility {unknown}
 B - a potion of attraction {unknown}
 C - 2 potions of might {unknown}
 K - a potion of ambrosia {unknown}
 P - a potion of degeneration {unknown}


   Skills:
 + Level 5.7 Fighting
 + Level 5.5 Dodging
 + Level 6.0 Stealth
 * Level 7.6 Spellcasting
 * Level 9.1 Conjurations
 * Level 3.5 Translocations
 * Level 6.4 Fire Magic
 + Level 5.9 Invocations


You had 7 spell levels left.
You knew the following spells:

 Your Spells              Type           Power      Damage    Failure   Level
a - Magic Dart            Conj           100%       1d8       1%          1
b - Searing Ray           Conj           100%       2d8       1%          2
c - Flame Wave            Conj/Fire      75%        2d17      1%          4
d - Sticky Flame          Conj/Fire      75%        2d9       1%          4
e - Iskenderun's Mystic   Conj/Tloc      68%        2d14      2%          4
f - Inner Flame           Hex/Fire       32%        N/A       3%          3

Your spell library contained the following spells:

 Spells                   Type           Power      Damage    Failure   Level
 Dazzling Flash           Conj/Hex       100%       N/A       1%          3
 Sting                    Tmut/Pois      48%        1d5       3%          1
 Poisonous Vapours        Pois/Air       24%        N/A       6%          2
 Wereblood                Tmut           12%        N/A       6%          2
 Fulminant Prism          Conj/Hex       29%        3d14      6%          4
 Irradiate                Conj/Tmut      29%        3d21      17%         5
 Olgreb's Toxic Radiance  Pois           12%        N/A       36%         4
 Agony                    Necr           12%        N/A       71%         5
 Silence                  Hex/Air        6%         N/A       71%         5


Dungeon Overview and Level Annotations

Branches:
Dungeon (11/15)            Temple (1/1) D:5            Lair (1/5) D:10
    Orc (0/2) D:11        Ossuary (visited)          Bailey (visited)
Gauntlet (1/1)

Altars:
Ashenzari
Cheibriados
Dithmenos
Fedhas
Gozag
Hepliaklqana
Kikubaaqudgha
Makhleb
Nemelex Xobeh
Okawaru
Qazlal
Ru
Sif Muna
Trog
Uskayaw
Vehumet
Wu Jian
Xom
Yredelemnul

Shops:
D:1 [   D:2 =   D:3 (   D:4 [   D:5 :   D:10 !

Portals:
Trove: D:10 (give 9 potions of haste)

Annotations:
D:4 2 runed translucent doors, paps's ghost, novice DsFi Gauntlet 6 transporters, 1 runed translucent door


Innate Abilities, Weirdness & Mutations

You regenerate magic rapidly.
Your movements are less encumbered by armour. (ER -4)
Your touch may inflict irresistible damage on your foes.


Message History

The moth of wrath attacks as it pursues you!
The moth of wrath barely misses you.
The moth of wrath goads the wolf spider on!
The wolf spider goes berserk!
You see here an amulet of regeneration.
O - an amulet of regeneration The wolf spider rages.
The wolf spider hits you! The wolf spider bites you.
The wolf spider hits you but does no damage.
The wolf spider bites you but does no damage.
The wolf spider hits you! The wolf spider misses you.
You see here an orb of light.
The wolf spider barely misses you. The wolf spider closely misses you.
There is a transporter here.
You enter the transporter and appear at another place.
The wolf spider hits you. The wolf spider bites you!
The wolf spider closely misses you. x2
Casting: Flame Wave (dangerous; 1% risk of failure)
Confirm with . or Enter, or press ? or * to list all spells.
Okay, then.
Aiming: Paralyse
Press: ? - help, Q - select action, (/) - cycle Shift-Dir - straight line, f - wolf spider
Aim: a wolf spider (berserk, chance to affect: 49%)
Okay, then.
Unknown command.
Aiming: Paralyse
Press: ? - help, Q - select action, (/) - cycle Shift-Dir - straight line, f - wolf spider
Aim: a wolf spider (berserk, chance to affect: 49%)
The wolf spider resists with some effort.
The wolf spider hits you!!
* * * LOW HITPOINT WARNING * * *
The wolf spider barely misses you. The wolf spider misses you.
The wolf spider bites you!
* * * LOW HITPOINT WARNING * * *
Okay, then.
You feel much better. The wolf spider misses you. x2
The wolf spider hits you!
* * * LOW HITPOINT WARNING * * *
The wolf spider closely misses you. The wolf spider hits you!!
You die...

©©#...©#...©#..≈#
###...#.#..[#..## ..#
..#..#...#..#..≈# ..##
..#.#.....#.#..###...
..##.......##..#....# .
..###########..#©...##.#
...............#.......#
.............∩.#....#
##..#########..#@...#
.#..#.....ys#..#s......#
.#..#.#'###s#..###..##..
#####.#..≈#[#..≈# ..#
©#©©#.#.©≈#©#..## ...
#####.#..≈#)#..§# .##.
.#..#.#+###.#..## # #
.#..#.......#..≈#
##..#########..##


You could see a wolf spider (berserk), a moth of wrath and 2 redbacks.

Vanquished Creatures
  A catoblepas (Gauntlet)
  An orc knight (Bailey)
  A necromancer (Gauntlet)
  An orc sorcerer (D:10)
  A gargoyle (Gauntlet)
  A cane toad (D:10)
  A hornet (D:10)
  A shadow (D:9)
  A wraith (D:10)
  12 yaks
  A wyvern (D:10)
  2 water moccasins
  2 ice beasts
  13 orc warriors
  A sky beast (D:8)
  3 black bears (D:5)
  4 wolves (Gauntlet)
  2 ogres (D:5)
  3 centaurs
  4 elf zombies
  3 kobold brigands
  A gnoll sergeant (D:7)
  3 scorpions
  11 wights
  4 howler monkeys
  5 electric eels (D:9)
  2 hounds
  A human zombie (D:6)
  4 orc priests
  Jessica (D:3)
  An iguana (D:7)
  A sleepcap (D:6)
  Natasha (thrice) (D:2)
  5 orc wizards
  A human skeleton (D:6)
  2 hound zombies (Ossuary)
  3 mummies (Ossuary)
  14 gnolls
  8 adders
  A shadow imp (D:8)
  2 white imps
  4 ufetubi
  An adder zombie (Ossuary)
  2 worms
  2 dart slugs (D:1)
  24 orcs
  4 bats
  5 endoplasms
  3 giant cockroaches
  10 goblins
  11 hobgoblins
  3 jackals (D:5)
  4 quokkas
  8 ball pythons
  2 frilled lizards (D:1)
  3 goblin zombies (Ossuary)
  6 hobgoblin zombies (Ossuary)
  3 jackal zombies (Ossuary)
  33 kobolds
  5 kobold zombies (Ossuary)
  2 orc skeletons (D:6)
  2 orc zombies
  6 quokka zombies (Ossuary)
  8 rats
  2 rat zombies (Ossuary)
285 creatures vanquished.

Notes
Turn   | Place    | Note
-------+----------+-------------------------------------------
     0 | D:1      | CrazyBamboolord the Demonspawn Conjurer began the quest for
                  | the Orb.
     0 | D:1      | Reached XP level 1. HP: 13/13 MP: 3/3
   180 | D:1      | Gained mutation: Your movements are slightly less
                  | encumbered by armour. (ER -2) [demonic ancestry]
   180 | D:1      | Reached XP level 2. HP: 20/20 MP: 1/5
   251 | D:1      | Found Lentov's Armour Boutique.
   807 | D:1      | Gained mutation: Your touch may inflict minor irresistible
                  | damage on your foes. [demonic ancestry]
   807 | D:1      | Reached XP level 3. HP: 25/25 MP: 3/6
   810 | D:1      | Learned a level 2 spell: Searing Ray
  1257 | D:2      | Reached skill level 1 in Fighting
  1429 | D:2      | Found a basalt altar of Yredelemnul.
  1548 | D:2      | Reached XP level 4. HP: 32/32 MP: 6/8
  1774 | D:2      | Found Idoej's Jewellery Emporium.
  2047 | D:2      | Noticed Natasha
  2053 | D:2      | Killed Natasha
  2364 | D:2      | Noticed Natasha
  2374 | D:2      | Killed Natasha
  2375 | D:2      | Reached XP level 5. HP: 31/37 MP: 2/9
  2450 | D:2      | Noticed Natasha
  2457 | D:2      | Killed Natasha
  2721 | D:3      | Reached skill level 1 in Fire Magic
  2926 | D:3      | Found Rephaq's Antique Weapon Boutique.
  2966 | D:3      | Reached skill level 5 in Conjurations
  3035 | D:3      | Found a hazy altar of Hepliaklqana.
  3150 | D:3      | Noticed Jessica
  3154 | D:3      | Killed Jessica
  3411 | D:3      | Found an iron altar of Okawaru.
  3511 | D:3      | Found a sacrificial altar of Ru.
  3513 | D:3      | Found a shadowy altar of Dithmenos.
  3649 | D:4      | Reached XP level 6. HP: 44/44 MP: 2/11
  3736 | D:4      | Found Uwku's Antique Armour Shop.
  3741 | D:4      | Bought a glowing robe for 88 gold pieces
  3895 | D:4      | Found a runed translucent door.
  3905 | D:4      | Noticed paps's ghost (novice DsFi)
  4264 | D:4      | Gained mutation: Your movements are less encumbered by
                  | armour. (ER -4) [demonic ancestry]
  4264 | D:4      | Reached XP level 7. HP: 38/51 MP: 0/12
  4593 | D:4      | Found a runed translucent door.
  4711 | D:4      | Found an ornate altar of the Wu Jian Council.
  4760 | D:5      | Entered Level 5 of the Dungeon
  4878 | D:5      | Found a bloodstained altar of Trog.
  4924 | D:5      | Reached skill level 6 in Conjurations
  4930 | D:5      | Learned a level 4 spell: Flame Wave
  4984 | D:5      | Found Edoit's Self-Improvement Boutique.
  5014 | D:5      | Found a basalt altar of Yredelemnul.
  5131 | D:5      | Reached XP level 8. HP: 58/58 MP: 2/14
  5383 | D:5      | Found a staircase to the Ecumenical Temple.
  5394 | Temple   | Entered the Ecumenical Temple
  5425 | Temple   | Became a worshipper of Sif Muna the Loreminder
  5605 | D:5      | Found an opulent altar of Gozag.
  5936 | D:6      | Reached skill level 5 in Spellcasting
  5936 | D:6      | Reached skill level 1 in Invocations
  6123 | D:6      | Identified the +0 cloak of Least Resistance {rF++ rCorr
                  | Dex+3}
  6126 | D:6      | Found a sand-covered staircase.
  6147 | Ossuary  | Entered an ossuary
  6290 | Ossuary  | Reached * piety under Sif Muna
  6850 | Ossuary  | Learned a level 4 spell: Sticky Flame
  7307 | D:6      | Gained mutation: You regenerate magic rapidly. [demonic
                  | ancestry]
  7307 | D:6      | Reached XP level 9. HP: 65/65 MP: 5/17
  7367 | D:6      | Found a burning altar of Makhleb.
  7367 | D:6      | Noticed a blizzard demon
  7370 | D:6      | Noticed a hellwing
  7370 | D:6      | Noticed a hellwing
  7396 | D:6      | Reached skill level 7 in Conjurations
  7451 | D:6      | Found a sparkling altar of Nemelex Xobeh.
  7594 | D:6      | Reached ** piety under Sif Muna
  7992 | D:7      | Found a flagged portal.
  8007 | Bailey   | Entered a bailey
  8058 | Bailey   | Noticed an orc knight
  8304 | Bailey   | Killed an orc knight
  8385 | Bailey   | Reached skill level 5 in Stealth
  8396 | Bailey   | Reached skill level 5 in Fire Magic
  8500 | Bailey   | Reached skill level 8 in Conjurations
  9015 | D:1      | Bought a +2 pair of boots of stealth for 279 gold pieces
  9159 | D:7      | Gained mutation: Your touch may inflict irresistible damage
                  | on your foes. [demonic ancestry]
  9159 | D:7      | Reached XP level 10. HP: 59/73 MP: 13/19
  9797 | D:8      | Reached *** piety under Sif Muna
  9864 | D:8      | Identified the ring "Yqareor" {Will+ Str+3 Dex-2 Stlth+}
 10035 | D:8      | Learned a level 4 spell: Iskenderun's Mystic Blast
 10806 | D:9      | Reached skill level 1 in Translocations
 11187 | D:9      | Reached skill level 5 in Fighting
 11780 | D:10     | Entered Level 10 of the Dungeon
 11829 | D:10     | Reached skill level 5 in Invocations
 11836 | D:10     | Noticed an orc sorcerer
 11847 | D:10     | Killed an orc sorcerer
 11848 | D:10     | Reached skill level 5 in Dodging
 12061 | D:2      | Bought the ring of Cisut {rPois Will+ Int+3 Dex+6} for 650
                  | gold pieces
 12220 | D:10     | Found a radiant altar of Vehumet.
 12310 | D:10     | Found a staircase to the Lair.
 12329 | D:10     | Reached **** piety under Sif Muna
 12602 | D:10     | Found a hide-covered altar of Uskayaw.
 12940 | D:10     | Found a portal to a secret trove of treasure.
 13122 | D:10     | Found Fin Zyota's Distillery.
 13127 | D:10     | Bought a potion of heal wounds for 70 gold pieces
 13381 | Lair:1   | Entered Level 1 of the Lair of Beasts
 13382 | Lair:1   | Noticed a cane toad
 13393 | D:10     | Killed a cane toad
 13394 | D:10     | Reached XP level 11. HP: 65/80 MP: 15/22
 13451 | D:11     | Noticed a boulder beetle
 13507 | D:11     | Found a gate leading to a gauntlet.
 13516 | Gauntlet | Entered a Gauntlet
 13516 | Gauntlet | Found a transporter.
 13516 | Gauntlet | Found a transporter.
 13516 | Gauntlet | Found a transporter.
 13518 | Gauntlet | Noticed a catoblepas
 13589 | Gauntlet | Found a transporter.
 13593 | Gauntlet | Found a transporter.
 13593 | Gauntlet | Found a transporter.
 13595 | Gauntlet | Noticed a necromancer
 13601 | Gauntlet | Found a transporter.
 13602 | Gauntlet | Found a transporter.
 13604 | Gauntlet | Found a transporter.
 13604 | Gauntlet | Found a transporter.
 13608 | Gauntlet | Found a runed translucent door.
 13608 | Gauntlet | Found a runed translucent door.
 13609 | Gauntlet | Noticed a wolf spider
 13610 | Gauntlet | Noticed a blizzard demon
 13612 | Gauntlet | Found a transporter.
 13613 | Gauntlet | Found a transporter.
 14091 | Gauntlet | Killed a catoblepas
 14092 | Gauntlet | Reached skill level 9 in Conjurations
 14166 | Gauntlet | Killed a necromancer
 14199 | Gauntlet | Learned a level 3 spell: Inner Flame
 14213 | Gauntlet | Mangled by a wolf spider

Illustrated notes

Levels and vault maps discovered:
D:1:      shiori_arrival_maze, layout_rooms, serial_shops,
          nicolae_shop_advertising_works [nicolae_subvault_shop_adworks]
D:2:      layout_loops_corners, basic_altar, serial_shops,
          nicolae_shop_rolling_square, guppyfry_early_lair_pool, uniq_natasha
D:3:      layout_rooms, nicolae_tso_carved_into_rock, general_overflow_altar,
          mainiacjoe_overflow_alcove_2, nicolae_overflow_hidden_temple,
          serial_shops, shop, nicolae_grassy_gnolls, uniq_jessica
D:4:      cheibrodos_thug_alley, layout_loops_ring,
          mainiacjoe_overflow_alcove_1, serial_shops, kennysheep_little_box,
          ebering_ghost_sewer_f
D:5:      layout_loops_ring, lemuel_crystal_altar,
          mainiacjoe_overflow_concentric_impassable, trog_ov_bears_minmay,
          temple_hall, chequers_arboretum, nicolae_shop_self_help
D:6:      layout_loops_ring, nemelex_spade_bored_becter,
          makhleb_altar_promises_db, nicolae_ossuary_entry_catacombs
D:7:      layout_loops_ring, enter_bailey_3, st_stairs_9
D:8:      layout_basic, nicolae_tricolors
D:9:      layout_basic
D:10:     cheibrodos_wizards_tower, layout_cave_pods,
          mainiacjoe_overflow_small_starburst, nicolae_uskayaw_suspiria,
          lair_entry_dummy, serial_shops, shop, nicolae_trove_entry_columns
D:11:     layout_loops_ring, david_orc_3, special_room [special_room_bee],
          gauntlet_entry_generic, nzn_life_drinkers, uniq_grum
Temple:   hellmonk_temple_beads
Lair:1:   layout_regular_city, grunt_megastairs_5
Gauntlet: minmay_gauntlet_mixed_big_or_small [nicolae_gauntlet_swirl,
          minmay_gauntlet_arena_77_box, gammafunk_gauntlet_arena_split_x,
          minmay_gauntlet_arena_77_braids, nicolae_gauntlet_arena_x,
          minmay_gauntlet_arena_77_shame_cube, gauntlet_exit_green]

Skill      XL: |  1  2  3  4  5  6  7  8  9 10 11 |
---------------+----------------------------------+-----
Stealth        | 2 3 4 5 6 |  6.0
Dodging        | 2 3 4 5 |  5.5
Fighting       | 1 2 3 4 5 |  5.7
Spellcasting   | 3 4 5 6 7 |  7.6
Fire Magic     | 1 2 3 5 6 |  6.4
Conjurations   | 5 6 8 9 |  9.1
Invocations    | 2 4 5 |  5.9
Translocations | 3 |  3.5

Action                     |  1- 3 |  4- 6 |  7- 9 | 10-12 || total
---------------------------+-------+-------+-------+-------++-------
  Melee: Unarmed           |    17 |       |       |       ||    17
         Dagger            |     9 |    15 |    16 |    22 ||    62
         Touch             |     1 |     1 |     2 |     3 ||     7
         Punch             |       |     1 |       |       ||     1
         Battleaxe         |       |       |    51 |     4 ||    55
   Cast: Magic Dart        |    82 |   109 |   226 |   143 ||   560
         Searing Ray       |       |     8 |    30 |    15 ||    53
         Flame Wave        |       |       |    12 |    15 ||    27
         Sticky Flame      |       |       |     3 |    12 ||    15
 Invoke: Channel Magic     |       |       |     1 |       ||     1
  Evoke: Wand              |       |       |       |     1 ||     1
    Use: Scroll            |       |     5 |     5 |     5 ||    15
         Potion            |       |       |     1 |     2 ||     3
   Stab: Sleeping          |       |       |     2 |       ||     2
 Armour: Robe              |    12 |     6 |       |       ||    18
         Leather armour    |       |    12 |    94 |    68 ||   174
         Skin              |       |       |     4 |     8 ||    12
  Dodge: Dodged            |    29 |    31 |   184 |    80 ||   324

Table legend: (Time is in decaauts)
 A = Elapsed time spent in this place.
 B = Non-inter-level travel time spent in this place.
 C = Inter-level travel time spent in this place.
 D = Time resting spent in this place.
 E = Time spent auto-exploring this place.
 F = Levels seen in this place.
 G = Mean time per level.
                   A        B        C        D        E       F      G
               +--------+--------+--------+--------+--------+-----+--------+
         Total |  14280 |  13113 |   1167 |   1647 |   9100 |  16 |  892.5 |
       Dungeon |  11499 |  10392 |   1107 |    528 |   8329 |  11 | 1045.4 |
        Temple |     62 |      2 |     60 |      0 |      0 |   1 |   62.0 |
          Lair |      8 |      8 |      0 |      0 |      0 |   1 |    8.0 |
       Ossuary |   1111 |   1111 |      0 |    263 |    584 |   1 | 1111.0 |
        Bailey |    900 |    900 |      0 |    522 |     60 |   1 |  900.0 |
      Gauntlet |    697 |    697 |      0 |    334 |    127 |   1 |  697.0 |
               +--------+--------+--------+--------+--------+-----+--------+

Top non-repeatable levels by time:
     D:2: 1904 daAuts
    D:10: 1396 daAuts
     D:4: 1287 daAuts
     D:9: 1168 daAuts
     D:5: 1160 daAuts
 Ossuary: 1111 daAuts
     D:1: 1050 daAuts
     D:6: 948 daAuts
  Bailey: 900 daAuts
     D:8: 899 daAuts
     D:7: 838 daAuts
     D:3: 794 daAuts
Gauntlet: 697 daAuts
  Temple: 62 daAuts
    D:11: 52 daAuts
